 Dungeon Crawl Stone Soup version 0.23-a0-516-g0f8c245 (webtiles) character file.

5272 Leeroy the Magician (level 10, 0/79 HPs)
             Began as a Gnoll Skald on Dec 4, 2018.
             Was a Follower of Uskayaw.
             Killed by the air
             ... invoked by Gastronok
              (33 damage)
             ... on level 8 of the Dungeon on Dec 5, 2018.
             The game lasted 01:16:16 (8042 turns).

Leeroy the Magician (Gnoll Skald)                   Turns: 8042, Time: 01:16:17

Health: 0/79       AC: 13    Str: 15 (17) XL:     10   Next: 62%
Magic:  9/21       EV: 19    Int: 22      God:    Uskayaw [*.....]
Gold:   410        SH:  0    Dex: 14      Spells: 9/23 levels left

rFire    . . .     SeeInvis .   s - +6 flail (crush)
rCold    . . .     Gourm    .   (no shield)
rNeg     . . .     Faith    .   I - +0 scale mail
rPois    .         Spirit   .   o - +2 helmet
rElec    .         Reflect  .   F - +0 cloak
rCorr    .         Harm     .   (no gloves)
MR       .....                  J - +0 pair of boots {run}
Stlth    ++........             (no amulet)
HPRegen  1.23/turn              P - +6 ring of evasion
MPRegen  0.17/turn              K - +6 ring of intelligence

@: shrouded, regenerating, quick
A: distributed training, fangs 1, strong nose
a: Stomp, Renounce Religion


You were on level 8 of the Dungeon.
You worshipped Uskayaw.
Uskayaw was noncommittal.
You were not hungry.

You visited 2 branches of the dungeon, and saw 9 of its levels.

You collected 410 gold pieces.

Inventory:

Hand Weapons
 h - a +3 great sword
 j - a +0 hunting sling
 l - a +0 battleaxe
 n - a +0 rapier
 q - a +3 hand axe
 s - a +6 flail of crushing (weapon)
 y - a +2 quarterstaff of chaos
 C - a +0 shortbow
 D - a +0 dire flail
 N - a +0 trident
 S - a +0 hand crossbow
 T - a +0 long sword
 U - a +2 mace of protection
 W - a +0 vampiric dagger
 Y - a +0 blowgun
 Z - a +2 dagger of freezing
Missiles
 e - 118 arrows
 f - 132 sling bullets
 m - 200 stones (quivered)
 t - 118 bolts
 v - 57 poisoned needles
Armour
 a - a scarf of resistance
 g - a +0 plate armour
 o - a +2 helmet (worn)
 r - a scarf of resistance
 F - a +0 cloak (worn)
 H - a +0 shield
 I - a +0 scale mail (worn)
 J - a +0 pair of boots of running (worn)
Jewellery
 k - an uncursed amulet of faith
 G - a cursed ring of teleportation
 K - a +6 ring of intelligence (right hand)
 P - a +6 ring of evasion (left hand)
 R - a cursed amulet of inaccuracy {unknown}
 X - a cursed -3 ring of intelligence
Wands
 i - a wand of random effects (39)
 E - a wand of iceblast (16)
 V - a wand of disintegration (10)
Scrolls
 c - 2 scrolls of immolation {unknown}
 w - 4 scrolls of magic mapping {unknown}
 x - 5 scrolls of remove curse
 M - 4 scrolls of teleportation
 O - 3 scrolls of enchant armour {unknown}
Potions
 b - a potion of resistance {unknown}
 p - 2 potions of flight
 u - 2 potions of cancellation {unknown}
 z - a potion of ambrosia {unknown}
 A - a potion of magic {unknown}
 B - 2 potions of lignification
 L - a potion of brilliance {unknown}
 Q - a potion of agility
Comestibles
 d - 21 rations


   Skills:
 + Level 7.1 Fighting
 + Level 5.3 Short Blades
 + Level 7.1 Long Blades
 + Level 5.3 Axes
 + Level 5.3 Maces & Flails
 + Level 5.3 Polearms
 + Level 5.3 Staves
 + Level 5.3 Slings
 + Level 5.3 Bows
 + Level 5.3 Crossbows
 + Level 5.3 Throwing
 + Level 6.0 Armour
 + Level 7.1 Dodging
 + Level 5.3 Stealth
 + Level 5.3 Shields
 + Level 5.3 Unarmed Combat
 + Level 7.4 Spellcasting
 + Level 4.4 Conjurations
 + Level 4.4 Hexes
 + Level 7.1 Charms
 + Level 4.4 Summonings
 + Level 4.4 Necromancy
 + Level 4.4 Translocations
 + Level 4.4 Transmutations
 + Level 4.4 Fire Magic
 + Level 4.4 Ice Magic
 + Level 4.4 Air Magic
 + Level 4.4 Earth Magic
 + Level 4.4 Poison Magic
 + Level 5.9 Invocations
 + Level 5.3 Evocations


You had 9 spell levels left.
You knew the following spells:

 Your Spells              Type           Power        Failure   Level  Hunger
a - Infusion              Chrm           ####         1%          1    None
b - Song of Slaying       Chrm           #####...     2%          2    None
c - Shroud of Golubria    Chrm/Tloc      ####......   3%          2    None
d - Regeneration          Chrm/Necr      ####......   8%          3    None
e - Spectral Weapon       Hex/Chrm       ####....     8%          3    None
f - Confuse               Hex            ####....     13%         3    None

Your spell library contained the following spells:

 Spells                   Type           Power        Failure   Level  Hunger
 Beastly Appendage        Tmut           ####..       4%          1    None
 Confusing Touch          Hex            ####..       4%          1    None
 Sticks to Snakes         Tmut           ####....     7%          2    None
 Gell's Gravitas          Tloc           ####......   13%         3    None
 Spider Form              Tmut/Pois      ####......   13%         3    None
 Ice Form                 Ice/Tmut       ####....     41%         4    ###....
 Petrify                  Tmut/Erth      ####....     41%         4    ###....
 Blade Hands              Tmut           ####......   77%         5    #####..
 Metabolic Englaciation   Hex/Ice        ####......   77%         5    #####..
 Yara's Violent Unravell  Hex/Tmut       ####......   77%         5    #####..


Dungeon Overview and Level Annotations

Branches:
Dungeon (8/15)             Temple (1/1) D:4
   Lair: D:8-11

Altars:
Ashenzari
Cheibriados
Dithmenos
Elyvilon
Fedhas
Gozag
Hepliaklqana
Kikubaaqudgha
Makhleb
Nemelex Xobeh
Okawaru
Qazlal
Ru
Sif Muna
Trog
Uskayaw
Vehumet
Wu Jian
Xom
Yredelemnul
Zin
The Shining One
Beogh

Shops:
D:5 %

Annotations:
D:8 1 runed door, Gastronok; mopl's ghost, novice DsFi


Innate Abilities, Weirdness & Mutations

Your experience applies equally to all skills.
You have very sharp teeth.
Your uncanny sense of smell can sniff out nearby items.


Message History

The quokka closely misses you.
Unknown command.
You closely miss the quokka.
The quokka bites you but does no damage.
You sock the quokka!
You kill the quokka!
The quokka's corpse disappears in a puff of smoke!
The bat completely misses you.
Unknown command.
The bat hits you but does no damage.
That item cannot be evoked!
That item cannot be evoked!
Evoke which item? (* to show all) (? for menu, Esc to quit)
Aiming: Disintegrate
Press: ? - help, Shift-Dir - straight line, f/p - Gastronok
Aim: Gastronok, wearing a +0 hat (covering ground quickly, chance to defeat MR: Gastronok easily resists.
The bat misses you.
Gastronok waves his eye-stalks in wide circles.
The air twists around and strikes you!
You die...

..........................#
..........................#
..........................#
..........................#
..........................#
..........................#
..
...........#####w##########
.. ##########.# ##b#######
.. ### #.## #.@........ ..
..# #[.# #........[. ..#
#).###.......... ..#
####)†.##.......... ###
#.......#..........
#.......#..........
#######.......##.#....##
......................#
..............##.#....#


You could see Gastronok and a bat.

Vanquished Creatures
  Maurice (D:8)
  Grinder (D:3)
  A hippogriff (D:6)
  Sigmund (D:5)
  A spriggan (D:7)
  Menkaure (D:5)
  Edmund (D:5)
  Duvessa (D:5)
  A phantom (D:8)
  An ice beast (D:7)
  A sky beast (D:7)
  4 orc warriors (D:6)
  A necrophage (D:7)
  5 ogres
  3 centaurs
  A crocodile (D:8)
  4 bullfrogs
  Dowan (D:5)
  A scorpion (D:4)
  10 killer bees
  4 wights (D:6)
  4 crimson imps
  A centaur zombie (D:8)
  A bullfrog zombie (D:5)
  4 hounds
  A jelly (D:5)
  2 orc priests (D:6)
  12 orc wizards
  Crazy Yiuf (D:2)
  A bullfrog skeleton (D:5)
  4 iguanas
  Natasha (twice) (D:3)
  6 worker ants
  A killer bee zombie (D:8)
  3 hound zombies
  A hound skeleton (D:4)
  A howler monkey zombie (D:6)
  A worker ant zombie (D:6)
  Robin (D:2)
  7 gnolls
  6 adders
  A howler monkey skeleton (D:6)
  A shadow imp (D:5)
  2 adder zombies
  2 adder skeletons
  3 worms
  4 dart slugs
  6 leopard geckos
  41 orcs
  2 ball pythons
  3 giant cockroaches
  12 goblins
  15 hobgoblins
  4 jackals (D:4)
  7 kobolds
  9 bats
  6 frilled lizards
  A leopard gecko skeleton (D:5)
  A quokka zombie (D:7)
  8 rats
  A plant (D:4)
234 creatures vanquished.

Vanquished Creatures (others)
  A spectral weapon (D:6)
1 creature vanquished.

Grand Total: 235 creatures vanquished

Notes
Turn   | Place    | Note
-------+----------+-------------------------------------------
     0 | D:1      | Leeroy the Gnoll Skald began the quest for the Orb.
     0 | D:1      | Reached XP level 1. HP: 20/20 MP: 6/6
    65 | D:1      | Reached XP level 2. HP: 19/26 MP: 7/7
    82 | D:1      | Learned a level 2 spell: Song of Slaying
    85 | D:1      | Learned a level 2 spell: Shroud of Golubria
   611 | D:1      | Reached XP level 3. HP: 27/31 MP: 9/9
   625 | D:1      | Reached skill level 5 in Spellcasting
   816 | D:2      | Reached skill level 1 in Invocations
   922 | D:2      | Reached skill level 1 in Short Blades
   922 | D:2      | Reached skill level 1 in Axes
   922 | D:2      | Reached skill level 1 in Maces & Flails
   922 | D:2      | Reached skill level 1 in Polearms
   922 | D:2      | Reached skill level 1 in Staves
   922 | D:2      | Reached skill level 1 in Slings
   922 | D:2      | Reached skill level 1 in Bows
   922 | D:2      | Reached skill level 1 in Crossbows
   922 | D:2      | Reached skill level 1 in Throwing
   922 | D:2      | Reached skill level 1 in Stealth
   922 | D:2      | Reached skill level 1 in Shields
   922 | D:2      | Reached skill level 1 in Unarmed Combat
   922 | D:2      | Reached skill level 1 in Evocations
   949 | D:2      | Reached XP level 4. HP: 30/38 MP: 11/11
  1105 | D:2      | Found a stormy altar of Qazlal.
  1229 | D:2      | Found a runed door.
  1307 | D:2      | Learned a level 3 spell: Regeneration
  1311 | D:2      | Learned a level 3 spell: Spectral Weapon
  1320 | D:2      | Noticed Robin
  1346 | D:2      | Killed Robin
  1346 | D:2      | Reached skill level 1 in Conjurations
  1346 | D:2      | Reached skill level 1 in Hexes
  1346 | D:2      | Reached skill level 1 in Summonings
  1346 | D:2      | Reached skill level 1 in Necromancy
  1346 | D:2      | Reached skill level 1 in Translocations
  1346 | D:2      | Reached skill level 1 in Transmutations
  1346 | D:2      | Reached skill level 1 in Fire Magic
  1346 | D:2      | Reached skill level 1 in Ice Magic
  1346 | D:2      | Reached skill level 1 in Air Magic
  1346 | D:2      | Reached skill level 1 in Earth Magic
  1346 | D:2      | Reached skill level 1 in Poison Magic
  1473 | D:2      | Found a hide-covered altar of Uskayaw.
  1505 | D:2      | Became a worshipper of Uskayaw the Reveler
  1697 | D:2      | Reached * piety under Uskayaw
  1842 | D:2      | Noticed Crazy Yiuf
  1857 | D:2      | Reached ** piety under Uskayaw
  1860 | D:2      | Killed Crazy Yiuf
  1860 | D:2      | Reached XP level 5. HP: 32/43 MP: 10/12
  2052 | D:3      | Identified a +0 pair of boots of running (You found it on
                  | level 3 of the Dungeon)
  2075 | D:3      | Found an opulent altar of Gozag.
  2196 | D:3      | Noticed Natasha
  2206 | D:3      | Killed Natasha
  2502 | D:3      | Noticed Natasha
  2513 | D:3      | Killed Natasha
  2559 | D:3      | Noticed Grinder
  2565 | D:3      | Paralysed by Grinder for 3 turns
  2584 | D:3      | Paralysed by Grinder for 7 turns
  2595 | D:3      | Paralysed by something for 3 turns
  2729 | D:3      | Killed Grinder
  2729 | D:3      | Reached skill level 5 in Fighting
  2729 | D:3      | Reached skill level 5 in Long Blades
  2729 | D:3      | Reached skill level 5 in Dodging
  2729 | D:3      | Reached XP level 6. HP: 40/51 MP: 4/14
  3009 | D:4      | Reached XP level 7. HP: 56/56 MP: 15/15
  3022 | D:4      | Reached *** piety under Uskayaw
  3024 | D:4      | Reached **** piety under Uskayaw
  3031 | D:4      | Reached ***** piety under Uskayaw
  3045 | D:4      | Reached ****** piety under Uskayaw
  3081 | D:4      | Found a staircase to the Ecumenical Temple.
  3129 | Temple   | Entered the Ecumenical Temple
  3809 | D:5      | Entered Level 5 of the Dungeon
  3896 | D:5      | Found Komaz's Food Shoppe.
  4034 | D:5      | Noticed Sigmund
  4041 | D:5      | Killed Sigmund
  4041 | D:5      | Reached XP level 8. HP: 63/63 MP: 11/16
  4422 | D:5      | Noticed Duvessa
  4422 | D:5      | Noticed Dowan
  4438 | D:5      | Killed Dowan
  4441 | D:5      | Killed Duvessa
  4576 | D:5      | Noticed Edmund
  4595 | D:5      | Killed Edmund
  4768 | D:5      | Noticed Menkaure
  4774 | D:5      | Killed Menkaure
  4937 | D:6      | Reached XP level 9. HP: 40/69 MP: 12/18
  5595 | D:6      | Reached skill level 5 in Armour
  5603 | D:6      | Learned a level 3 spell: Confuse
  5819 | D:6      | Found a runed door.
  5896 | D:6      | Reached skill level 5 in Invocations
  5965 | D:6      | Found a roughly hewn altar of Beogh.
  6107 | D:6      | Upgraded the game from 0.23-a0-512-g50a8178 to
                  | 0.23-a0-516-g0f8c245
  6613 | D:7      | Reached XP level 10. HP: 72/77 MP: 20/20
  6893 | D:7      | Reached skill level 5 in Short Blades
  6893 | D:7      | Reached skill level 5 in Axes
  6893 | D:7      | Reached skill level 5 in Maces & Flails
  6893 | D:7      | Reached skill level 5 in Polearms
  6893 | D:7      | Reached skill level 5 in Staves
  6893 | D:7      | Reached skill level 5 in Slings
  6893 | D:7      | Reached skill level 5 in Bows
  6893 | D:7      | Reached skill level 5 in Crossbows
  6893 | D:7      | Reached skill level 5 in Throwing
  6893 | D:7      | Reached skill level 5 in Stealth
  6893 | D:7      | Reached skill level 5 in Shields
  6893 | D:7      | Reached skill level 5 in Unarmed Combat
  6893 | D:7      | Reached skill level 5 in Evocations
  7269 | D:8      | Noticed Gastronok
  7294 | D:8      | Found a sacrificial altar of Ru.
  7736 | D:8      | Found a runed door.
  7746 | D:8      | Noticed mopl's ghost (novice DsFi)
  7838 | D:8      | Noticed Maurice
  7890 | D:8      | Killed Maurice
  8042 | D:8      | Killed from afar by Gastronok

Vault maps used:
D:1:      eino_arrival_water_star, minmay_bisected
D:2:      lemuel_coloured_pillars_altar, first_ration, grunt_qazlal_sundering,
          uniq_robin, uniq_crazy_yiuf_cottage
D:3:      corexii_shack, st_stairs_13, nicolae_gozag_seed_capital, uniq_grinder,
          uniq_natasha
D:4:      corexii_shack_village, minmay_temple_entry_slanted
D:5:      serial_shops, nicolae_shop_behind_doors, uniq_edmund, uniq_sigmund,
          uniq_duvessa, uniq_menkaure
D:6:      minmay_chambers_of_sixes, lightli_church_of_beogh
D:7:      the_bakery
D:8:      basic_altar, ebering_ghost_reflecting_pool, uniq_gastronok,
          uniq_maurice
Temple:   grunt_wide_crystal_templ

Skill      XL: |  1  2  3  4  5  6  7  8  9 10 |
---------------+-------------------------------+-----
Spellcasting   | 5 6 7 |  7.4
Invocations    | 1 2 3 4 5 |  5.9
Short Blades   | 1 2 3 4 5 |  5.3
Axes           | 1 2 3 4 5 |  5.3
Maces & Flails | 1 2 3 4 5 |  5.3
Polearms       | 1 2 3 4 5 |  5.3
Staves         | 1 2 3 4 5 |  5.3
Slings         | 1 2 3 4 5 |  5.3
Bows           | 1 2 3 4 5 |  5.3
Crossbows      | 1 2 3 4 5 |  5.3
Throwing       | 1 2 3 4 5 |  5.3
Stealth        | 1 2 3 4 5 |  5.3
Shields        | 1 2 3 4 5 |  5.3
Unarmed Combat | 1 2 3 4 5 |  5.3
Evocations     | 1 2 3 4 5 |  5.3
Conjurations   | 1 2 3 4 |  4.4
Hexes          | 1 2 3 4 |  4.4
Summonings     | 1 2 3 4 |  4.4
Necromancy     | 1 2 3 4 |  4.4
Translocations | 1 2 3 4 |  4.4
Transmutations | 1 2 3 4 |  4.4
Fire Magic     | 1 2 3 4 |  4.4
Ice Magic      | 1 2 3 4 |  4.4
Air Magic      | 1 2 3 4 |  4.4
Earth Magic    | 1 2 3 4 |  4.4
Poison Magic   | 1 2 3 4 |  4.4
Armour         | 3 4 5 6 |  6.0
Fighting       | 5 6 7 |  7.1
Long Blades    | 5 6 7 |  7.1
Dodging        | 5 6 7 |  7.1
Charms         | 6 7 |  7.1

Action                   |  1- 3 |  4- 6 |  7- 9 | 10-12 || total
-------------------------+-------+-------+-------+-------++-------
Melee: Falchion          |    79 |    94 |       |       ||   173
       Bite              |     8 |    17 |    48 |    13 ||    86
       Quarterstaff      |       |    28 |       |       ||    28
       Long sword        |       |     6 |    68 |       ||    74
       Mace              |       |     5 |   118 |       ||   123
       Short sword       |       |     1 |       |       ||     1
       Punch             |       |       |     5 |     2 ||     7
       Dagger            |       |       |     4 |     4 ||     8
       Flail             |       |       |   180 |   171 ||   351
       Great sword       |       |       |     3 |     3 ||     6
 Fire: Hunting sling     |       |     4 |       |       ||     4
Throw: Stone             |       |     8 |     9 |     7 ||    24
 Cast: Spectral Weapon   |       |     3 |     9 |     4 ||    16
       Song of Slaying   |       |     1 |     3 |     2 ||     6
       Regeneration      |       |     4 |     4 |     4 ||    12
       Shroud of Golubri |       |     1 |     5 |     3 ||     9
       Confuse           |       |       |     4 |     4 ||     8
       Infusion          |       |       |       |     1 ||     1
Invok: Stomp             |       |     1 |     4 |       ||     5
       Line Pass         |       |     1 |       |       ||     1
Evoke: Wand              |       |       |       |     1 ||     1
  Use: Scroll            |     1 |     4 |     1 |     4 ||    10
       Potion            |       |     3 |     6 |     1 ||    10
 Stab: Sleeping          |     1 |     5 |     5 |     1 ||    12
       Distracted        |       |     1 |     1 |       ||     2
       Paralysed         |       |     1 |    10 |     9 ||    20
  Eat: Chunk             |       |     8 |    10 |     5 ||    23
       Ration            |       |       |     1 |       ||     1
Armor: Leather armour    |    14 |     2 |    62 |       ||    78
       Ring mail         |    16 |    36 |    70 |       ||   122
       Skin              |       |     9 |       |       ||     9
       Plate armour      |       |       |    71 |       ||    71
       Scale mail        |       |       |     8 |    79 ||    87
Dodge: Dodged            |    90 |    81 |   285 |   191 ||   647
Block: Shield            |       |     5 |       |       ||     5
       Rpst.: Falchion   |    27 |    17 |       |       ||    44
       Long sword        |       |     1 |    18 |       ||    19

Table legend:
 A = Non-vault XP
 B = Vault XP
 C = Vault XP percentage of total XP
 D = Non-vault monster count
 E = Vault monster count
 F = Vault count percentage of total count
                 A         B        C        D         E       F
            +---------+---------+-------+---------+---------+-------
      Total |    4566 |    2966 |  39.4 |     166 |      67 |  28.8
            +---------+---------+-------+---------+---------+-------
        D:1 |      32 |       6 |  15.8 |      16 |       3 |  15.8
        D:2 |      85 |      78 |  47.9 |      20 |      14 |  41.2
        D:3 |      55 |     326 |  85.6 |      12 |       5 |  29.4
        D:4 |     365 |      16 |   4.2 |      24 |       8 |  25.0
        D:5 |     490 |     764 |  60.9 |      17 |       5 |  22.7
        D:6 |    1085 |    1084 |  50.0 |      29 |      30 |  50.8
        D:7 |    1546 |     220 |  12.5 |      32 |       1 |   3.0
        D:8 |     908 |     472 |  34.2 |      16 |       1 |   5.9
            +---------+---------+-------+---------+---------+-------
